 Dungeon Crawl Stone Soup version 0.23.2-30-g0e89c35649 (webtiles) character file.

Game seed: 11080445210748927757

744 Revguard the Slasher (level 7, -2/52 HPs)
             Began as a Demonspawn Gladiator on June 18, 2019.
             Was an Initiate of Wu Jian.
             Slain by a bullfrog skeleton (7 damage)
             ... on level 5 of the Dungeon.
             The game lasted 00:15:11 (4171 turns).

Revguard the Slasher (Demonspawn Gladiator)         Turns: 4171, Time: 00:15:12

Health: -2/52      AC:  5    Str: 14    XL:     7   Next: 47%
Magic:  7/7        EV: 14    Int:  9    God:    Wu Jian [......]
Gold:   82         SH:  0    Dex: 17    Spells: 6/6 levels left

rFire    . . .     SeeInvis .   s - +6 dagger of Action {flame, +Fly rN+ MR+}
rCold    + . .     Gourm    +   (no shield)
rNeg     + . .     Faith    .   b - +0 leather armour
rPois    .         Spirit   .   c - +0 helmet
rElec    .         Reflect  .   (no cloak)
rCorr    .         Harm     .   (no gloves)
MR       ++...                  p - +0 pair of boots
Stlth    +.........             q - amulet of the gourmand
HPRegen  0.17/turn              (no ring)
MPRegen  0.10/turn              w - ring of protection from magic

@: drained
A: claws 1, cold resistance 1, powered by pain 1, freezing cloud immunity
a: Renounce Religion, Evoke Flight


You were on level 5 of the Dungeon.
You worshipped Wu Jian.
Wu Jian was noncommittal.
You were near starving.

You visited 2 branches of the dungeon, and saw 6 of its levels.

You collected 82 gold pieces.

Inventory:

Hand Weapons
 a - a +0 long sword
 s - the +6 dagger of Action (weapon) {flame, +Fly rN+ MR+}
   (You found it on level 4 of the Dungeon)

   It has been specially enchanted to burn those struck by it, causing extra
   injury to most foes and up to half again as much damage against particularly
   susceptible opponents.
   It protects you from negative energy.
   It affects your resistance to hostile enchantments.
   It lets you fly.
Armour
 b - a +0 leather armour (worn)
 c - a +0 helmet (worn)
 p - a +0 pair of boots (worn)
Jewellery
 q - an amulet of the gourmand (around neck)
 w - a ring of protection from magic (right claw)
Wands
 u - a wand of polymorph (6)
 v - a wand of flame (7)
 x - a wand of random effects (20)
Scrolls
 e - 7 scrolls of identify
 g - a scroll of amnesia
 h - 2 scrolls of remove curse
 i - 2 scrolls of enchant armour {unknown}
 j - a scroll of blinking {unknown}
 k - 2 scrolls of enchant weapon {unknown}
 n - a scroll of random uselessness {unknown}
 o - a scroll of noise {unknown}
 r - a scroll of magic mapping {unknown}
 t - a scroll of teleportation {unknown}
Potions
 m - a potion of magic
Comestibles
 f - 7 rations


   Skills:
 + Level 3.6(3.0) Fighting
 - Level 0.1(2.4) Short Blades
 + Level 5.0(4.4) Long Blades
 + Level 3.1(2.5) Throwing
 + Level 3.1(2.5) Armour
 + Level 4.2(3.7) Dodging
 + Level 0.8(0.3) Stealth
 + Level 0.1(0.0) Evocations


You had 6 spell levels left.
You didn't know any spells.
Your spell library was empty.

Dungeon Overview and Level Annotations

Branches:
Dungeon (5/15)             Temple (1/1) D:4

Altars:
Ashenzari
Cheibriados
Dithmenos
Fedhas
Gozag
Hepliaklqana
Kikubaaqudgha
Makhleb
Nemelex Xobeh
Okawaru
Qazlal
Ru
Trog
Vehumet
Wu Jian
Xom
Zin
Jiyva

Shops:
D:2 *


Innate Abilities, Weirdness & Mutations

You have sharp fingernails.
Your flesh is cold resistant. (rC+)
You sometimes gain a little power by taking damage.
You are immune to freezing clouds.


Message History

The wight is heavily damaged.
The wight hits you but does no damage.
You hit the wight. You burn the wight.
The wight is heavily damaged.
The wight hits you with a cursed +0 dagger.
* * * LOW HITPOINT WARNING * * *
You hit the wight. You burn the wight.
You destroy the wight!
The Council accepts your kill.
You hit the bullfrog skeleton. You burn the bullfrog skeleton.
The bullfrog skeleton is moderately damaged.
The bullfrog skeleton hits you.
* * * LOW HITPOINT WARNING * * *
You barely miss the bullfrog skeleton.
The bullfrog skeleton is moderately damaged.
The bullfrog skeleton closely misses you.
You hit the bullfrog skeleton but do no damage.
The bullfrog skeleton is moderately damaged.
The bullfrog skeleton hits you!
You die...

#......(.....#
#......(.....#
#.....(......#
#....(.......#
#..(.........#####
##.###...........#
#.# ###########.#
#.# #...#.##.# #@#
#.#<#....# #Z#
#.###.#### #)#
#.....#
##.############
#####..............
#....>.............
#............######
#.........z..#
...(.......z..#


You could see a bullfrog skeleton.

Vanquished Creatures
  An ogre (D:5)
  A centaur (D:5)
  5 wights (D:5)
  A crimson imp (D:4)
  4 hounds
  A centaur skeleton (D:4)
  An orc priest (D:3)
  A killer bee zombie (D:5)
  A howler monkey zombie (D:3)
  4 gnolls (D:4)
  6 adders
  A worm (D:2)
  A dart slug (D:1)
  3 leopard geckos
  2 orcs (D:3)
  2 giant cockroaches
  4 goblins
  6 hobgoblins
  2 jackals (D:2)
  4 kobolds
  2 quokkas
  5 bats
  5 frilled lizards
  A jackal skeleton (D:4)
  9 rats
73 creatures vanquished.

Notes
Turn   | Place    | Note
-------+----------+-------------------------------------------
     0 | D:1      | Revguard the Demonspawn Gladiator began the quest for the
                  | Orb.
     0 | D:1      | Reached XP level 1. HP: 16/16 MP: 1/1
   145 | D:1      | Gained mutation: Your flesh is cold resistant. (rC+)
                  | [demonic ancestry]
   145 | D:1      | Reached XP level 2. HP: 21/22 MP: 2/2
   242 | D:1      | Reached skill level 3 in Long Blades
   987 | D:2      | Found a stormy altar of Qazlal.
  1023 | D:2      | Reached XP level 3. HP: 5/27 MP: 3/3
  1324 | D:2      | Found Zin's Purification Station.
  1327 | D:2      | Found a glowing silver altar of Zin.
  1759 | D:2      | Found a shattered altar of Ashenzari.
  2250 | D:3      | Reached skill level 1 in Armour
  2250 | D:3      | Gained mutation: You have sharp fingernails. [demonic
                  | ancestry]
  2250 | D:3      | Reached XP level 4. HP: 34/34 MP: 4/4
  2458 | D:3      | Found an ornate altar of the Wu Jian Council.
  2589 | D:3      | Became a worshipper of the Wu Jian Council
  2685 | D:3      | Found a shadowy altar of Dithmenos.
  2850 | D:4      | Found a shattered altar of Ashenzari.
  2869 | D:4      | Got a crystal dagger
  2871 | D:4      | Identified the +6 dagger of Action {flame, +Fly rN+ MR+}
                  | (You found it on level 4 of the Dungeon)
  2895 | D:4      | Reached skill level 4 in Long Blades
  2895 | D:4      | Gained mutation: You are immune to freezing clouds.
                  | [demonic ancestry]
  2895 | D:4      | Reached XP level 5. HP: 32/39 MP: 5/5
  2988 | D:4      | Found a staircase to the Ecumenical Temple.
  2993 | D:4      | Found a hazy altar of Hepliaklqana.
  3002 | Temple   | Entered the Ecumenical Temple
  3146 | D:4      | Gained mutation: You sometimes gain a little power by
                  | taking damage. [demonic ancestry]
  3146 | D:4      | Reached XP level 6. HP: 40/46 MP: 6/6
  3434 | D:5      | Entered Level 5 of the Dungeon
  3782 | D:4      | HP: 2/47 [hound (2)]
  3783 | D:4      | Reached XP level 7. HP: 3/52 MP: 7/7
  4146 | D:5      | Reached skill level 5 in Long Blades
  4171 | D:5      | Slain by a bullfrog skeleton

Skill      XL: |  1  2  3  4  5  6  7 |
---------------+----------------------+-----
Dodging        | 3 4 |  4.2
Long Blades    | 3 4 5 |  5.0
Armour         | 1 2 3 |  3.1
Throwing       | 2 3 |  3.1
Fighting       | 3 |  3.6
Short Blades   | |  0.1
Stealth        | |  0.8
Evocations     | |  0.1

Action                   |  1- 3 |  4- 6 |  7- 9 || total
-------------------------+-------+-------+-------++-------
Melee: Long sword        |    89 |    20 |       ||   109
       Dagger            |       |    72 |    38 ||   110
Throw: Throwing net      |     1 |     6 |     1 ||     8
       Javelin           |     4 |    15 |     3 ||    22
Invok: Lunge             |       |     3 |     4 ||     7
Evoke: Wand              |       |       |     3 ||     3
  Use: Potion            |     4 |     3 |       ||     7
       Scroll            |       |     3 |       ||     3
 Stab: Sleeping          |       |     1 |       ||     1
  Eat: Chunk             |     3 |    11 |       ||    14
Armor: Leather armour    |    41 |    24 |     1 ||    66
       Skin              |     1 |       |       ||     1
Dodge: Dodged            |    84 |    75 |    11 ||   170
       Rpst.: Long sword |    27 |     4 |       ||    31
